 Dungeon Sprint DCSS version 0.30-a0-55-g90e3122c3a (webtiles) character file.

Game seed: 1384464886181609999

312364 rocky1 the Merry Minotaur (level 20, -4/216 HPs)
             Began as a Minotaur Gladiator on Sept 7, 2022.
             Was an Initiate of Gozag.
             Killed from afar by Dispater (13 damage)
             ... with damnation
             ... in the Dungeon (Sprint VII: "The Pits") on Sept 10, 2022.
             The game lasted 01:38:26 (22241 turns).

rocky1 the Merry Minotaur (Minotaur Gladiator)     Turns: 22241, Time: 01:38:26

Health: -4/216     AC: 51    Str: 20 (21) XL:     20   Next: 5%
Magic:  39/39      EV: 26    Int:  5      God:    Gozag
Gold:   6640       SH:  5    Dex: 35      Spells: 46/51 levels left

rFire   + + +      SeeInvis .    a - +7 triple sword of the Magic Mushroom {holy, rF+ Str-3 Dex+6}
rCold   + + +      Faith    .    (shield currently unavailable)
rNeg    + . .      Spirit   .    G - +12 gold dragon scales
rPois   +          Reflect  +    P - +4 hat
rElec   +          Harm     .    C - scarf {rC+ rF+}
rCorr   +          Rampage  .    z - +2 pair of gloves {Str+3}
Will    +....      NoTele   +    Z - +2 pair of boots {Stlth+}
Stlth   +.........               n - amulet of Warux {Reflect Fly rElec Dex+4 SH+5}
HPRegen 0.46/turn                W - ring of Sif Muna's Inspiration {rN+ Slay+5}
MPRegen 0.26/turn                L - ring "Olecuh" {Wiz Dex+6 Slay+3}

@: silenced, resistant, flying, hasted, very quick
A: horns 2, retaliatory headbutt, deterioration 1, devolution 1
}: 3/3 runes: silver, golden, iron
a: Renounce Religion


You were in the Dungeon.
You worshipped Gozag.
Gozag was greatly pleased with you.
You visited 1 branch You collected 42225 gold pieces.
You spent 9833 gold pieces at shops.
You paid 25752 gold pieces to Gozag.

Inventory:

Hand Weapons
 a - the +7 triple sword of the Magic Mushroom (weapon) {holy, rF+ Str-3 Dex+6}
   (You bought it in a shop in the Dungeon)

   It has been blessed by the Shining One to cause great damage to the undead
   and demons.
   Str:       It affects your strength (-3).
   Dex:       It affects your dexterity (+6).
   rF:        It protects you from fire.
 b - the +9 heavy crossbow "Sniper" {vorpal, Acc+∞ SInv}
   (You found it in the Dungeon)

   Any ammunition fired from it inflicts extra damage upon your enemies.
   Any ammunition fired from it never misses its target.
   SInv:      It lets you see invisible.
 l - a +9 vampiric executioner's axe
 w - a +3 great sword of flaming
Missiles
 d - 5 throwing nets (quivered)
 e - 8 javelins
 F - 4 silver javelins
Armour
 z - a +2 pair of gloves of strength (worn)
 C - a scarf of resistance (worn)
 G - +12 gold dragon scales (worn)
 P - a +4 hat (worn)
 Z - a +2 pair of boots of stealth (worn)
Jewellery
 c - the amulet of Cihues {rC+ Regen+ Int+2 Dex+4}
   (You found it in the Dungeon)

   [amulet of regeneration]

   Int:       It affects your intelligence (+2).
   Dex:       It affects your dexterity (+4).
   rC:        It protects you from cold.
   Regen:     It increases your rate of health regeneration.
 n - the amulet of Warux (around neck) {Reflect Fly rElec Dex+4 SH+5}
   (You found it in the Dungeon)

   [amulet of reflection]

   It reflects blocked missile attacks.
   Dex:       It affects your dexterity (+4).
   rElec:     It insulates you from electricity.
   Fly:       It grants you flight.
   SH:        It affects your SH (+5).
 r - the ring "Nouvyit" {+Blink rC+ Dex+3}
   (You took it off an orc knight in the Dungeon)

   [ring of protection from cold]

   Dex:       It affects your dexterity (+3).
   rC:        It protects you from cold.
   +Blink:    It lets you blink.
 v - the ring of Ypion {rPois rF+ rC- rCorr}
   (You took it off a vampire knight in the Dungeon)

   [ring of resist corrosion]

   rF:        It protects you from fire.
   rC:        It makes you vulnerable to cold.
   rPois:     It protects you from poison.
   rCorr:     It protects you from acid and corrosion.
 x - the ring of the Ego {rF+ rC+ Str+6}
   (You found it in the Dungeon)

   [ring of strength]

   Str:       It affects your strength (+6).
   rF:        It protects you from fire.
   rC:        It protects you from cold.
 y - the ring "Nojeggot" {rC+ rN+ Str+3}
   (You found it in the Dungeon)

   [ring of positive energy]

   Str:       It affects your strength (+3).
   rC:        It protects you from cold.
   rN:        It protects you from negative energy.
 B - the amulet of the Firefly {Spirit Dex+3}
   (You found it in the Dungeon)

   [amulet of guardian spirit]

   It causes incoming damage to be divided between your reserves of health and
   magic.
   Dex:       It affects your dexterity (+3).
 H - the ring of the Thistle {Slay+3 SInv}
   (You found it in the Dungeon)

   [ring of see invisible]

   Slay:      It affects your accuracy & damage with ranged weapons and melee
   (+3).
   SInv:      It lets you see invisible.
 L - the ring "Olecuh" (right hand) {Wiz Dex+6 Slay+3}
   (You found it in the Dungeon)

   [ring of wizardry]

   It improves your spell success rate.
   Dex:       It affects your dexterity (+6).
   Slay:      It affects your accuracy & damage with ranged weapons and melee
   (+3).
 W - the ring of Sif Muna's Inspiration (left hand) {rN+ Slay+5}
   (You found it in the Dungeon)

   [ring of slaying]

   Slay:      It affects your accuracy & damage with ranged weapons and melee
   (+5).
   rN:        It protects you from negative energy.
Wands
 m - a wand of mindburst (6)
 q - a wand of paralysis (8)
 T - a wand of iceblast (31)
Scrolls
 o - 4 scrolls of blinking
 p - a scroll of silence
 s - 2 scrolls of identify
 E - a scroll of enchant armour
 S - 3 scrolls of fear
Potions
 f - 15 potions of curing
 g - 18 potions of heal wounds
 h - 10 potions of haste
 i - 10 potions of magic
 j - 5 potions of berserk rage
 t - 4 potions of might
 u - 2 potions of resistance
 A - 3 potions of brilliance
 D - 6 potions of mutation
 R - a potion of ambrosia
Miscellaneous
 k - a condenser vane
 I - a tin of tremorstones (2/2)
 M - a phial of floods
 N - a lightning rod (4/4)


   Skills:
 O Level 27 Fighting
 O Level 27 Long Blades
 + Level 21.4 Axes
 O Level 27 Ranged Weapons
 + Level 20.2 Throwing
 O Level 27 Armour
 O Level 27 Dodging
 + Level 19.5 Stealth
 + Level 16.1 Spellcasting
 + Level 16.0 Hexes
 + Level 17.4 Air Magic
 + Level 21.5 Evocations


You had 46 spell levels left.
You knew the following spells:

 Your Spells              Type           Power      Damage    Failure   Level
a - Silence               Hex/Air        10%        N/A       1%          5

Your spell library contained the following spells:

 Spells                   Type           Power      Damage    Failure   Level
 Shock                    Conj/Air       48%        1d6       1%          1
 Slow                     Hex            80%        N/A       1%          1
 Static Discharge         Conj/Air       24%        3-5/arc   1%          2
 Confusing Touch          Hex            20%        N/A       1%          3
 Swiftness                Air            21%        N/A       1%          3
 Airstrike                Air            10%        2d(2-18)  1%          4
 Ensorcelled Hibernation  Hex/Ice        24%        N/A       2%          2
 Dazzling Flash           Conj/Hex       24%        N/A       4%          3
 Inner Flame              Hex/Fire       12%        N/A       4%          3
 Portal Projectile        Hex/Tloc       24%        N/A       4%          3
 Summon Guardian Golem    Hex/Summ       12%        N/A       4%          3
 Mephitic Cloud           Conj/Pois/Air  9%         N/A       12%         3
 Anguish                  Hex/Necr       6%         N/A       16%         4
 Fulminant Prism          Conj/Hex       6%         3d7       16%         4
 Leda's Liquefaction      Hex/Erth       6%         N/A       16%         4
 Beastly Appendage        Tmut           8%         N/A       38%         1
 Necrotise                Necr           16%        1d4       38%         1
 Sting                    Tmut/Pois      16%        1d3       38%         1
 Yara's Violent Unravell  Hex/Tmut       6%         3d5       38%         5
 Passwall                 Tmut/Erth      3%         N/A       52%         2
 Sublimation of Blood     Necr           4%         N/A       52%         2
 Wereblood                Tmut           4%         N/A       52%         2
 Call Canine Familiar     Summ           4%         N/A       75%         3
 Conjure Flame            Conj/Fire      4%         6-21      75%         3
 Ignite Poison            Fire/Tmut/Pois 4%         N/A       75%         3
 Spider Form              Tmut/Pois      4%         N/A       75%         3
 Vampiric Draining        Necr           4%         2d6       75%         3
 Dispel Undead            Necr           4%         3d7       98%         4
 Flame Wave               Conj/Fire      4%         2d5       98%         4
 Petrify                  Tmut/Erth      4%         N/A       98%         4
 Sticky Flame             Conj/Fire      4%         2d3       98%         4
 Agony                    Necr           4%         N/A       100%        5
 Borgnjor's Vile Clutch   Necr/Erth      2%         N/A       100%        5
 Fireball                 Conj/Fire      2%         3d4       100%        5
 Irradiate                Conj/Tmut      2%         3d12      100%        5
 Summon Forest            Summ/Tloc      2%         N/A       100%        5
 Death Channel            Necr           2%         N/A       100%        6
 Dispersal                Tloc           2%         N/A       100%        6
 Eringya's Noxious Bog    Tmut/Pois      2%         N/A       100%        6
 Starburst                Conj/Fire      2%         6d3       100%        6
 Statue Form              Tmut/Erth      2%         N/A       100%        6
 Malign Gateway           Summ/Tloc      2%         N/A       100%        7
 Orb of Destruction       Conj           2%         9d5       100%        7
 Ozocubu's Refrigeration  Ice            2%         4d7       100%        7
 Spellforged Servitor     Conj/Summ      2%         N/A       100%        7
 Summon Hydra             Summ           2%         N/A       100%        7
 Disjunction              Tloc           2%         N/A       100%        8
 Ignition                 Fire           2%         3d3       100%        8
 Necromutation            Tmut/Necr      2%         N/A       100%        8
 Summon Horrible Things   Summ           2%         N/A       100%        8
 Death's Door             Necr           2%         N/A       100%        9
 Fire Storm               Conj/Fire      2%         8d1       100%        9
 Polar Vortex             Ice            2%         N/A       100%        9
 Corpse Rot               Necr/Pois/Air  Unusable   N/A       N/A         4
 Animate Dead             Necr           Unusable   N/A       N/A         4

Dungeon Overview and Level Annotations

Branches:
Dungeon (1/1)

Altars:
Ashenzari
Cheibriados
Dithmenos
Elyvilon
Fedhas
Gozag
Hepliaklqana
Kikubaaqudgha
Makhleb
Nemelex Xobeh
Okawaru
Qazlal
Ru
Sif Muna
Trog
Uskayaw
Vehumet
Wu Jian
Xom
Yredelemnul
Zin
The Shining One
Jiyva
Lugonu

Shops:
D [((**[=*([(![=

Annotations:
D Dispater


Innate Abilities, Weirdness & Mutations

You have a pair of horns on your head.
You reflexively headbutt those who attack you in melee.
Your body sometimes deteriorates upon taking damage.
You have hidden genetic defects.


Message History

A profound silence engulfs you. Dispater closely misses you.
You furiously retaliate!
You headbutt Dispater, but do no damage.
Unknown command.
You slice Dispater!!
Dispater convulses!!
Dispater is severely wounded.
You barely miss Dispater. You headbutt Dispater.
Dispater is almost dead.
Dispater hits you but does no damage.
You slice Dispater!!
Dispater convulses!!
Dispater is almost dead.
Dispater hits you with the +4 staff of Dispater!
* * * LOW HITPOINT WARNING * * *
Unknown command.
You hit Dispater but do no damage.
Dispater is almost dead.
Unknown command.
You feel much better. Dispater completely misses you. You furiously retaliate!
You headbutt Dispater.
The Hell Sentinel hits you but does no damage.
The Hell Sentinel hits you!
* * * LOW HITPOINT WARNING * * *
Dispater closely misses you. You furiously retaliate!
You headbutt Dispater, but do no damage.
You feel much better. Dispater gestures at you. The iron shot hits you!!
* * * LOW HITPOINT WARNING * * *
The Hell Sentinel completely misses you.
The Hell Sentinel hits you but does no damage.
Unknown command.
You hit Dispater but do no damage.
Dispater is almost dead.
Unknown command.
You slice Dispater!!
Dispater convulses!!
Dispater is almost dead.
Dispater gestures at you.
The sphere of damnation explodes!
The damnation engulfs you!
You die...
Your body crumbles into a pile of gold.

,,,,,,**,,*&.............# #.'#.#
,,,,,**,,,*..............#####...
,,,***,,,,*..............##.###.#
,***,,,,,**#............#*##'.#'#
,,,,,,,,** *#..........#* #...#.
,,,,,,,** *#....$...#* ###.###
******** ####'$#### #.#)#.#
####### #######&$#### ##).'##
...#..# ###.....@1[...### #...')
...#..###...............## ##)###
...#..##..............$..# ######
...#..##.................###[[)[.
.###..##.................##[[[)[.
......#*#...............###."..[)
..[...# ###...........### ##..)[)
).).[.# ##)'######### ######
)###..######''###################


You could see Dispater (fast, unsilenced) and a Hell Sentinel (summoned,
unsilenced).

Vanquished Creatures
  Antaeus (D)
  Dissolution (D)
  Mnoleg (D)
  2 orbs of fire (D)
  7 ancient liches (D)
  Mennas (D)
  7 royal mummies (D)
  Boris (D)
  the Lernaean hydra (D)
  A Killer Klown (D)
  Margery (D)
  Nikola (D)
  3 curse toes (D)
  3 golden dragons (D)
  A profane servitor (D)
  Jory (D)
  8 bone dragons (D)
  3 pearl dragons (D)
  2 electric golems (D)
  3 Tzitzimimeh (D)
  A Brimstone Fiend (D)
  An Ice Fiend (D)
  6 pandemonium lords (D)
  2 hellephants (D)
  Rupert (D)
  4 Hell Sentinels (D)
  4 Orb Guardians (D)
  5 liches (D)
  6 deep elf master archers (D)
  A titan (D)
  2 quicksilver dragons (D)
  4 deep elf blademasters (D)
  A death cob (D)
  3 shadow dragons (D)
  A draconian monk (D)
  2 daevas (D)
  2 storm dragons (D)
  3 nagarajas (D)
  A rockslime (D)
  15 orc warlords (D)
  2 frost giants (D)
  4 fire giants (D)
  A ghost moth (D)
  A draconian knight (D)
  An iron dragon (D)
  6 balrugs (D)
  Louise (D)
  A draconian scorcher (D)
  7 ghouls (D)
  2 cacodemons (D)
  A spriggan defender (D)
  An angel (D)
  2 reapers (D)
  2 draconian stormcallers (D)
  An ophan (D)
  2 draconian annihilators (D)
  2 stone giants (D)
  5 deep elf demonologists (D)
  5 vampire knights (D)
  2 green draconians (D)
  2 red draconians (D)
  2 lorocyprocas (D)
  A white draconian (D)
  3 black draconians (D)
  2 minotaurs (D)
  2 yellow draconians (D)
  3 purple draconians (D)
  5 blizzard demons (D)
  A deep elf death mage (D)
  10 mummy priests (D)
  3 fire dragons (D)
  A merfolk impaler (D)
  3 deep elf high priests (D)
  5 green deaths (D)
  2 yaktaur captains (D)
  3 ice dragons (D)
  A merfolk javelineer (D)
  2 boulder beetles (D)
  A hell beast (D)
  A rakshasa (D)
  An alligator snapping turtle (D)
  An ogre mage (D)
  A hydra (D)
  A spriggan air mage (D)
  2 two-headed ogres (D)
  6 vault guards (D)
  2 naga warriors (D)
  A catoblepas (D)
  2 anacondas (D)
  2 alligators (D)
  6 death yaks (D)
  A dancing weapon (D)
  6 orc high priests (D)
  2 vampire magi (D)
  2 spriggan berserkers (D)
  2 sun demons (D)
  12 hell knights (D)
  3 deep elf knights (D)
  A fire crab (D)
  A large abomination (D)
  2 skeletal warriors (D)
  A swamp dragon (D)
  3 wizards (D)
  29 orc knights (D)
  A spriggan druid (D)
  A deep elf pyromancer (D)
  8 necromancers (D)
  A lindwurm (D)
  5 harpies (D)
  2 wolf spiders (D)
  2 manticores (D)
  4 orc sorcerers (D)
  3 ugly things (D)
  2 elephants (D)
  2 guardian serpents (D)
  A molten gargoyle (D)
  An eye of devastation (D)
  A naga mage (D)
  4 black mambas (D)
  A rust devil (D)
  A cane toad (D)
  A komodo dragon (D)
  A rime drake (D)
  A kobold demonologist (D)
  A demonic crawler (D)
  2 freezing wraiths (D)
  An efreet (D)
  A yaktaur (D)
  A tormentor (D)
  4 guardian mummies (D)
  2 hellions (D)
  2 ice devils (D)
  A hellwing (D)
  A wandering mushroom (D)
  2 wind drakes (D)
  A troll (shapeshifter) (D)
  7 merfolk (D)
  A tyrant leech (D)
  3 blink frogs (D)
  3 polar bears (D)
  A hornet (D)
  5 slime creatures (D)
  6 dream sheep (D)
  2 snapping turtles (D)
  2 spriggans (D)
  2 water elementals (D)
  A vampire (D)
  A flying skull (D)
  An air elemental (D)
  A wraith (D)
  A ynoxinul (D)
  A wyvern (D)
  A fire bat (D)
  A golden eye (D)
  2 redbacks (D)
  2 acid dragons (D)
  2 floating eyes (D)
  3 hell hounds (D)
  A black bear (D)
  17 orc warriors (D)
  An ogre (D)
  An ice beast (D)
  4 wolves (D)
  A necrophage (D)
  3 killer bees (D)
  A hound (D)
  An orc priest (D)
  2 orc wizards (D)
  2 adders (D)
  A gnoll (D)
  4 river rats (D)
  3 adder zombies (D)
  5 adder skeletons (D)
  3 adder simulacra (D)
  4 orcs (D)
  4 bat simulacra (D)
  A bat skeleton (D)
  3 bat zombies (D)
  2 giant cockroaches (D)
  4 goblins (D)
  5 jackals (D)
  A kobold (D)
  2 ball python simulacra (D)
  4 ball python skeletons (D)
  5 ball python zombies (D)
  2 bats (D)
  A giant cockroach simulacrum (D)
  4 giant cockroach zombies (D)
  2 quokka simulacra (D)
  4 quokka zombies (D)
  A rat (D)
516 creatures vanquished.

Vanquished Creatures (others)
  An orc warlord (D)
  A hell knight (D)
  An orc warrior (D)
3 creatures vanquished.

Grand Total: 519 creatures vanquished

Notes
Turn   | Place    | Note
-------+----------+-------------------------------------------
     0 | D        | rocky1 the Minotaur Gladiator began the quest for the Orb.
     0 | D        | Reached XP level 1. HP: 18/18 MP: 0/0
    18 | D        | Reached XP level 2. HP: 13/26 MP: 1/1
    22 | D        | Found a bloodstained altar of Trog.
    22 | D        | Found a shimmering blue altar of Sif Muna.
    22 | D        | Found a viscous altar of Jiyva.
    22 | D        | Found a hazy altar of Hepliaklqana.
    22 | D        | Found an opulent altar of Gozag.
    23 | D        | Found a glowing golden altar of the Shining One.
    23 | D        | Found a glowing silver altar of Zin.
    23 | D        | Found a basalt altar of Yredelemnul.
    23 | D        | Found a shimmering altar of Xom.
    23 | D        | Found an ornate altar of the Wu Jian Council.
    23 | D        | Found a sacrificial altar of Ru.
    23 | D        | Found a stormy altar of Qazlal.
    23 | D        | Found an iron altar of Okawaru.
    23 | D        | Found a sparkling altar of Nemelex Xobeh.
    23 | D        | Found a burning altar of Makhleb.
    23 | D        | Found a blossoming altar of Fedhas.
    23 | D        | Found a white marble altar of Elyvilon.
    23 | D        | Found a shadowy altar of Dithmenos.
    23 | D        | Found a snail-covered altar of Cheibriados.
    27 | D        | Found a corrupted altar of Lugonu.
    27 | D        | Found a radiant altar of Vehumet.
    28 | D        | Found a broken altar of Ashenzari.
    28 | D        | Found an ancient bone altar of Kikubaaqudgha.
    28 | D        | Found a hide-covered altar of Uskayaw.
    30 | D        | Became a worshipper of Gozag Ym Sagoz the Greedy
   457 | D        | Reached skill level 5 in Long Blades
   457 | D        | Reached XP level 3. HP: 9/33 MP: 2/2
   739 | D        | Noticed a black bear
   739 | D        | Noticed a flying skull
   773 | D        | Reached skill level 5 in Dodging
   776 | D        | Reached skill level 5 in Fighting
   784 | D        | Killed a black bear
   785 | D        | Reached skill level 5 in Armour
   785 | D        | Reached XP level 4. HP: 37/44 MP: 3/3
   785 | D        | Reached XP level 5. HP: 43/50 MP: 4/4
   892 | D        | Killed a flying skull
   893 | D        | Reached skill level 10 in Long Blades
   893 | D        | Reached XP level 6. HP: 40/61 MP: 5/5
  1042 | D        | Bought a +4 vorpal triple crossbow for 555 gold pieces
  1059 | D        | Noticed a floating eye
  1059 | D        | Noticed an orc sorcerer
  1060 | D        | Killed a floating eye
  1061 | D        | Reached XP level 7. HP: 69/69 MP: 6/6
  1068 | D        | Killed an orc sorcerer
  1069 | D        | Reached skill level 5 in Ranged Weapons
  1281 | D        | Noticed a fire bat
  1281 | D        | Noticed a freezing wraith
  1282 | D        | Killed a fire bat
  1283 | D        | Reached XP level 8. HP: 79/79 MP: 7/7
  1283 | D        | Noticed a two-headed ogre
  1301 | D        | Killed a two-headed ogre
  1302 | D        | Reached skill level 10 in Fighting
  1302 | D        | Reached skill level 10 in Armour
  1303 | D        | Killed a freezing wraith
  1304 | D        | Reached skill level 10 in Dodging
  1544 | D        | Noticed a cane toad
  1544 | D        | Noticed a demonic crawler
  1550 | D        | Killed a cane toad
  1551 | D        | Reached XP level 9. HP: 38/89 MP: 8/8
  1552 | D        | Noticed a two-headed ogre
  1553 | D        | Noticed a black mamba
  1554 | D        | Noticed a death yak
  1576 | D        | Killed a black mamba
  1577 | D        | Reached skill level 10 in Ranged Weapons
  1583 | D        | Killed a demonic crawler
  1593 | D        | Killed a two-headed ogre
  1597 | D        | Killed a death yak
  1598 | D        | Reached XP level 10. HP: 69/99 MP: 9/9
  1903 | D        | Noticed a lindwurm
  1909 | D        | Killed a lindwurm
  2251 | D        | Noticed a large abomination
  2260 | D        | Killed a large abomination
  2266 | D        | Reached skill level 15 in Long Blades
  2370 | D        | Noticed an orc knight
  2383 | D        | Killed an orc knight
  2632 | D        | Noticed a boulder beetle
  2657 | D        | Killed a boulder beetle
  2658 | D        | Reached XP level 11. HP: 48/108 MP: 10/10
  2873 | D        | Bought a crystal triple sword for 450 gold pieces
  2873 | D        | Identified the +7 triple sword of the Magic Mushroom {holy,
                  | rF+ Str-3 Dex+6} (You bought it in a shop in the Dungeon)
  2873 | D        | Bought a scroll labelled DIGIJATSICIUFF for 30 gold pieces
  2873 | D        | Bought a scroll labelled XIGHAO HAENNIALU for 30 gold
                  | pieces
  2873 | D        | Bought a glowing plate armour for 780 gold pieces
  2947 | D        | Noticed a boulder beetle
  2973 | D        | Reached skill level 15 in Ranged Weapons
  3145 | D        | Noticed a deep elf pyromancer
  3167 | D        | Killed a boulder beetle
  3176 | D        | Killed a deep elf pyromancer
  3562 | D        | Bought a tin of tremorstones (2/2) for 1200 gold pieces
  3756 | D        | Noticed an alligator snapping turtle
  4286 | D        | Noticed a fire giant
  4305 | D        | Killed a fire giant
  4437 | D        | Noticed a minotaur
  4446 | D        | Killed a minotaur
  4447 | D        | Reached skill level 15 in Fighting
  4451 | D        | Reached skill level 15 in Armour
  4551 | D        | Noticed a vampire knight
  4557 | D        | Reached XP level 12. HP: 85/121 MP: 11/11
  4560 | D        | Killed a vampire knight
  4726 | D        | Noticed an orc warlord
  4726 | D        | Noticed an orc warlord
  4771 | D        | Killed an orc warlord
  4783 | D        | Killed an orc warlord
  5044 | D        | Noticed a deep elf blademaster
  5056 | D        | Killed a deep elf blademaster
  5635 | D        | Noticed a vault guard
  5643 | D        | Killed a vault guard
  5660 | D        | Noticed a naga warrior
  5664 | D        | Noticed a naga warrior
  5665 | D        | Noticed a yaktaur captain
  5711 | D        | HP: 6/121 [yaktaur captain/bolt (18)]
  5717 | D        | Killed a yaktaur captain
  6027 | D        | Killed an alligator snapping turtle
  6190 | D        | Reached XP level 13. HP: 127/127 MP: 12/12
  6381 | D        | Noticed a fire dragon
  6393 | D        | Killed a fire dragon
  6763 | D        | Reached skill level 15 in Dodging
  7338 | D        | Noticed a black draconian
  7353 | D        | Killed a black draconian
  7382 | D        | Got the +2 ring mail "Zoal" {Drain rPois Regen+ MP+9}
  7599 | D        | Bought an amulet of the acrobat for 420 gold pieces
  7599 | D        | Bought the ring of the Hare {EV+8} for 1792 gold pieces
  7599 | D        | Found the ring of the Hare {EV+8}
  7599 | D        | Bought the ring "Riegumm" {rF+ rN+ Int+2} for 565 gold
                  | pieces
  7730 | D        | Noticed a death cob
  7739 | D        | Noticed Rupert
  7743 | D        | Killed a death cob
  7749 | D        | HP: 3/134 [Rupert/+4 vorpal great mace (9)]
  7753 | D        | Killed Rupert
  7753 | D        | Noticed a green death
  7764 | D        | Killed a green death
  7790 | D        | Noticed a fire giant
  7793 | D        | Killed a fire giant
  7829 | D        | Reached XP level 14. HP: 75/144 MP: 13/13
  8073 | D        | Upgraded the game from 0.30-a0-52-g86a8295270 to
                  | 0.30-a0-54-g2e61a25929
  8210 | D        | Noticed a rockslime
  8236 | D        | Killed a rockslime
  8337 | D        | Noticed a storm dragon
  8340 | D        | Noticed a daeva
  8348 | D        | Killed a storm dragon
  8775 | D        | Bought a scroll of fear for 80 gold pieces
  8775 | D        | Bought a potion of heal wounds for 100 gold pieces
  8775 | D        | Bought a scroll of enchant weapon for 150 gold pieces
  8775 | D        | Bought a wand of iceblast (7) for 336 gold pieces
  8963 | D        | Killed a daeva
  9722 | D        | Killed a ghost moth
  9999 | D        | Noticed a stone giant
 10003 | D        | Noticed a stone giant
 10026 | D        | Killed a stone giant
 10043 | D        | Killed a stone giant
 10180 | D        | Noticed a deep elf blademaster
 10197 | D        | Killed a deep elf blademaster
 10624 | D        | Noticed an ophan
 10628 | D        | Killed an ophan
 10642 | D        | Noticed Dissolution
 10647 | D        | Killed Dissolution
 10648 | D        | Reached XP level 15. HP: 161/161 MP: 14/14
 10777 | D        | Found the +9 heavy crossbow "Sniper" {vorpal, Acc+∞ SInv}
 10905 | D        | Bought an encrusted ring mail for 261 gold pieces
 10905 | D        | Identified the +1 ring mail of Miracles {Dex+2} (You bought
                  | it in a shop in the Dungeon)
 10905 | D        | Bought a pair of embroidered boots for 217 gold pieces
 10905 | D        | Bought a crude plate armour for 812 gold pieces
 10905 | D        | Identified the +5 plate armour of Context {rPois rN+ Int+7
                  | Dex-3} (You bought it in a shop in the Dungeon)
 10966 | D        | Found the +3 giant club "Skullcrusher" {speed, Str+7}
 10966 | D        | Noticed an orc warlord
 10966 | D        | Noticed an orc warlord
 10966 | D        | Noticed an orc warlord
 10966 | D        | Noticed an orc warlord
 10966 | D        | Noticed an orc warlord
 10966 | D        | Noticed an orc warlord
 10966 | D        | Noticed an orc warlord
 10966 | D        | Noticed an orc warlord
 10966 | D        | Noticed an orc warlord
 10966 | D        | Noticed an orc warlord
 10966 | D        | Noticed an orc warlord
 10967 | D        | Noticed an orc warlord
 10968 | D        | Identified the ring "Nouvyit" {+Blink rC+ Dex+3}
 10968 | D        | Noticed an orc warlord
 10976 | D        | Killed an orc warlord
 10980 | D        | Noticed an orc warlord
 10982 | D        | Killed an orc warlord
 10988 | D        | Killed an orc warlord
 10992 | D        | Killed an orc warlord
 10994 | D        | Killed an orc warlord
 10997 | D        | Killed an orc warlord
 11001 | D        | Killed an orc warlord
 11006 | D        | Killed an orc warlord
 11012 | D        | Killed an orc warlord
 11017 | D        | Killed an orc warlord
 11029 | D        | Killed an orc warlord
 11092 | D        | Killed an orc warlord
 11435 | D        | Killed an orc warlord
 11718 | D        | Reached skill level 27 in Ranged Weapons
 11747 | D        | Killed an orc warlord
 11814 | D        | Got a silver rune of Zot
 11839 | D        | Got the ring of Ashenzari's Envy {Str+6 Int+6}
 12003 | D        | Noticed a frost giant
 12013 | D        | Killed a frost giant
 12014 | D        | Reached skill level 1 in Evocations
 12184 | D        | Reached XP level 16. HP: 178/178 MP: 15/15
 12189 | D        | Noticed an Executioner
 12205 | D        | Noticed an Ice Fiend
 12220 | D        | Reached skill level 5 in Evocations
 12982 | D        | Noticed Margery
 13013 | D        | Killed Margery
 13281 | D        | Got the Commentary on Unstable Exhumation
 13284 | D        | Got Seorhomipo's Incunabulum of Torrid Blight
 13314 | D        | Got the Precepts of the Inferno
 13319 | D        | Got the Grimoire of the Inquisitive Underlurkers
 13326 | D        | Got the Verses on the Pyre and Hypothermia
 13349 | D        | Learned a level 5 spell: Silence
 13405 | D        | Got the ring "Oreah" {+Blink rCorr Int+6 Dex+2}
 13425 | D        | Got the ring "Catwul" {Fire *Slow rN+ Str+5}
 13429 | D        | Got the ring "Ricono" {Will- AC+6 Str+2 Int+6}
 13431 | D        | Got the ring "Nevahy" {rElec rN+ Int+6}
 13433 | D        | Got the ring of the Parsimonious Lemon {rC+ AC+6 Str+4
                  | Int-4}
 13436 | D        | Got the ring of Fatrymi {Fly rElec rPois rF- Will+}
 13438 | D        | Got the ring of the Ego {rF+ rC+ Str+6}
 13440 | D        | Got the ring "Nojeggot" {rC+ rN+ Str+3}
 13442 | D        | Got the ring of the Thistle {Slay+3 SInv}
 13444 | D        | Got the ring of Mistrust {AC+6 Str+4 Stlth+}
 13446 | D        | Got the ring of Cuzxucs {rElec SInv}
 13449 | D        | Got the ring "Olecuh" {Wiz Dex+6 Slay+3}
 13451 | D        | Got the ring of Pyromania {Wiz rC++ Str+2}
 13476 | D        | Got the amulet of Cihues {rC+ Regen+ Int+2 Dex+4}
 13478 | D        | Got the ring "Riakhlih" {rC+ Will+}
 13480 | D        | Got the amulet of Warux {Reflect Fly rElec Dex+4 SH+5}
 13482 | D        | Got the ring of Hiliekk {Wiz Int+4 Dex+3}
 13484 | D        | Got the amulet "Ronyw" {Faith Will+ Str+5 SInv Stlth-}
 13487 | D        | Got the ring of the Butterfly {Fly Will- Dex+3}
 13489 | D        | Got the amulet "Arad" {RegenMP Str+4}
 13491 | D        | Got the amulet of Tauschyow {Faith rN+ Str+3 SInv}
 13493 | D        | Got the amulet "Tapicem" {Reflect rElec SH+5}
 13495 | D        | Got the amulet "Tezilium" {RegenMP rF+ Will+ MP-9 Int+6}
 13497 | D        | Got the amulet of Ocsog {Spirit *Slow rC+++ MP+9 Str-2}
 13500 | D        | Got the amulet of Heytit {Reflect Dex+3 SH+5}
 13503 | D        | Got the ring of Sif Muna's Inspiration {rN+ Slay+5}
 13505 | D        | Got the ring "Cet Ujun" {rC- AC+4 Str+2 Dex+6}
 13563 | D        | Noticed an Ice Fiend
 13567 | D        | Killed an Ice Fiend
 13570 | D        | Noticed a lich
 13573 | D        | Killed a lich
 13574 | D        | Reached skill level 1 in Spellcasting
 13574 | D        | Reached skill level 1 in Hexes
 13574 | D        | Reached skill level 1 in Air Magic
 13587 | D        | Noticed a curse toe
 13591 | D        | Killed a curse toe
 13609 | D        | Bought a potion of heal wounds for 90 gold pieces
 13609 | D        | Bought a potion of mutation for 144 gold pieces
 13609 | D        | Bought a potion of heal wounds for 90 gold pieces
 13609 | D        | Bought a potion of curing for 54 gold pieces
 13619 | D        | Noticed a Hell Sentinel
 13625 | D        | Killed a Hell Sentinel
 13629 | D        | Noticed a shadow dragon
 13636 | D        | Killed a shadow dragon
 13806 | D        | Noticed a golden dragon
 13819 | D        | Killed a golden dragon
 13824 | D        | Killed a ghostly golden dragon
 13955 | D        | Noticed Buriavag the pandemonium lord
 13959 | D        | Killed Buriavag the pandemonium lord
 13962 | D        | Noticed a Tzitzimitl
 13966 | D        | Killed a Tzitzimitl
 14165 | D        | Noticed an ancient lich
 14168 | D        | Killed an ancient lich
 14175 | D        | Noticed a pearl dragon
 14178 | D        | Killed a pearl dragon
 14179 | D        | Reached skill level 27 in Fighting
 14179 | D        | Reached skill level 27 in Armour
 14179 | D        | Reached skill level 10 in Evocations
 14182 | D        | Noticed a Hell Sentinel
 14187 | D        | Killed a Hell Sentinel
 14188 | D        | Reached skill level 5 in Air Magic
 14193 | D        | Noticed a deep elf master archer
 14198 | D        | Killed a deep elf master archer
 14451 | D        | Upgraded the game from 0.30-a0-54-g2e61a25929 to
                  | 0.30-a0-55-g90e3122c3a
 14462 | D        | Reached skill level 5 in Spellcasting
 14463 | D        | Reached skill level 1 in Stealth
 14465 | D        | Reached skill level 5 in Hexes
 14669 | D        | Reached skill level 27 in Long Blades
 14669 | D        | Reached XP level 17. HP: 103/191 MP: 24/24
 14900 | D        | Noticed a royal mummy
 14900 | D        | Noticed a deep elf blademaster
 14902 | D        | Noticed a golden dragon
 14903 | D        | Noticed a deep elf master archer
 14904 | D        | Killed a royal mummy
 14927 | D        | Killed a deep elf blademaster
 14931 | D        | Killed a deep elf master archer
 14933 | D        | Killed a golden dragon
 14934 | D        | Reached skill level 5 in Stealth
 15145 | D        | Bought a condenser vane for 960 gold pieces
 15145 | D        | Bought a potion of might for 96 gold pieces
 15145 | D        | Bought an ivory wand for 96 gold pieces
 15145 | D        | Bought a scroll of enchant weapon for 180 gold pieces
 15158 | D        | Noticed Mnoleg
 15160 | D        | Noticed a tentacled monstrosity
 15161 | D        | Noticed a tentacled monstrosity
 15165 | D        | Noticed a tentacled monstrosity
 15165 | D        | Noticed a tentacled monstrosity
 15165 | D        | Noticed a tentacled monstrosity
 15165 | D        | Noticed a tentacled monstrosity
 15168 | D        | Noticed a tentacled monstrosity
 15171 | D        | Paralysed by a floating eye for 3 turns
 15176 | D        | Noticed a tentacled monstrosity
 15177 | D        | Killed Mnoleg
 15664 | D        | Noticed a Killer Klown
 15664 | D        | Noticed a pearl dragon
 15675 | D        | Killed a pearl dragon
 15684 | D        | Paralysed by a floating eye for 4 turns
 15693 | D        | Killed a Killer Klown
 15761 | D        | Noticed a profane servitor
 15762 | D        | Noticed a quicksilver dragon
 15764 | D        | Noticed a curse toe
 15769 | D        | Killed a profane servitor
 15775 | D        | Killed a quicksilver dragon
 15777 | D        | Killed a curse toe
 15779 | D        | Reached skill level 27 in Dodging
 15779 | D        | Noticed a deep elf master archer
 15782 | D        | Noticed a deep elf blademaster
 15799 | D        | Killed a deep elf blademaster
 15801 | D        | Reached skill level 10 in Air Magic
 15802 | D        | Killed a deep elf master archer
 15803 | D        | Reached skill level 10 in Stealth
 16139 | D        | Got the ring of Bipoi {rN+ Will- rCorr Dex+5}
 16141 | D        | Got the ring "Teozink" {Wiz Dex+6}
 16143 | D        | Got the amulet of Cuhuar {rPois Regen+}
 16145 | D        | Got the amulet of Haicsiu {Spirit Stlth+}
 16147 | D        | Got the ring "Urphatebu" {Fire MP+9}
 16149 | D        | Got the ring "Wegiguuz" {Fly rF+}
 16151 | D        | Got the ring of the Duchess {rPois MP-9 Int+3 Dex+6}
 16153 | D        | Got the ring "Qoistutatt" {Int+5 Dex+6}
 16486 | D        | Noticed a lich
 16486 | D        | Noticed a bone dragon
 16486 | D        | Noticed a royal mummy
 16486 | D        | Noticed an ancient lich
 16486 | D        | Noticed an ancient lich
 16486 | D        | Noticed a bone dragon
 16486 | D        | Noticed an ancient lich
 16487 | D        | Noticed a bone dragon
 16493 | D        | Noticed a bone dragon
 16493 | D        | Killed an ancient lich
 16503 | D        | Killed a bone dragon
 16504 | D        | Reached skill level 5 in Throwing
 16504 | D        | Reached skill level 10 in Spellcasting
 16505 | D        | Killed an ancient lich
 16506 | D        | Reached skill level 5 in Axes
 16506 | D        | Reached skill level 10 in Hexes
 16506 | D        | Reached skill level 15 in Evocations
 16506 | D        | Noticed a bone dragon
 16507 | D        | Noticed a royal mummy
 16508 | D        | Killed an ancient lich
 16523 | D        | Killed a bone dragon
 16524 | D        | Reached XP level 18. HP: 101/200 MP: 31/31
 16528 | D        | Killed a royal mummy
 16534 | D        | Killed a bone dragon
 16541 | D        | Killed a royal mummy
 16542 | D        | Reached skill level 10 in Throwing
 16546 | D        | Killed a bone dragon
 16607 | D        | Killed a bone dragon
 16634 | D        | Noticed a royal mummy
 16844 | D        | Reached skill level 10 in Axes
 17351 | D        | Noticed a bone dragon
 17359 | D        | Killed a bone dragon
 17397 | D        | Noticed a royal mummy
 17398 | D        | Noticed a bone dragon
 17409 | D        | Killed a bone dragon
 17412 | D        | Killed a royal mummy
 17430 | D        | HP: 6/200 [mummy priest/divine providence (16)]
 17433 | D        | Killed a royal mummy
 17873 | D        | Bought a faintly glowing battleaxe for 345 gold pieces
 17873 | D        | Identified the +9 battleaxe of Invincibility {vorpal, Fly
                  | SInv} (You bought it in a shop in the Dungeon)
 17925 | D        | Identified the ring of Ypion {rPois rF+ rC- rCorr}
 17927 | D        | Noticed a lich
 17942 | D        | Killed a lich
 18022 | D        | Killed a lich
 18036 | D        | Paralysed by something for 3 turns
 18525 | D        | Got Sif Muna's Directory of Dimensional Terra Firma
 18528 | D        | Noticed a bone dragon
 18528 | D        | Noticed a lich
 18528 | D        | Noticed an ancient lich
 18529 | D        | Noticed a royal mummy
 18534 | D        | Killed a lich
 18539 | D        | Killed a bone dragon
 18543 | D        | Killed an ancient lich
 18549 | D        | Killed a royal mummy
 18948 | D        | Got the Precepts of Kindling and Necromancy
 18957 | D        | Got a golden rune of Zot
 19108 | D        | Noticed Jory
 19112 | D        | Killed Jory
 19113 | D        | Reached skill level 15 in Throwing
 19113 | D        | Reached skill level 15 in Stealth
 19116 | D        | Noticed a Hell Sentinel
 19120 | D        | Killed a Hell Sentinel
 19179 | D        | Noticed an ancient lich
 19183 | D        | Killed an ancient lich
 19347 | D        | Noticed Ytrel the pandemonium lord
 19350 | D        | Killed Ytrel the pandemonium lord
 19460 | D        | Reached skill level 15 in Axes
 19494 | D        | Noticed Louise
 19503 | D        | Killed Louise
 19525 | D        | Noticed the 27-headed Lernaean hydra
 19525 | D        | Noticed Gaira the pandemonium lord
 19525 | D        | Noticed a golden dragon
 19528 | D        | Killed the 27-headed Lernaean hydra
 19538 | D        | Killed Gaira the pandemonium lord
 19539 | D        | Reached XP level 19. HP: 137/207 MP: 35/35
 19541 | D        | Killed a golden dragon
 19719 | D        | Noticed Tuvocumm the pandemonium lord
 19727 | D        | Killed Tuvocumm the pandemonium lord
 19735 | D        | Noticed a pearl dragon
 19740 | D        | Killed a pearl dragon
 19831 | D        | Noticed Miuf Mea the pandemonium lord
 19836 | D        | Killed Miuf Mea the pandemonium lord
 19946 | D        | Noticed Nikola
 19950 | D        | Reached skill level 15 in Air Magic
 19954 | D        | Killed Nikola
 20036 | D        | Noticed an electric golem
 20045 | D        | Killed an electric golem
 20124 | D        | Noticed Haorapet the pandemonium lord
 20131 | D        | Killed Haorapet the pandemonium lord
 20254 | D        | Noticed an ancient lich
 20259 | D        | Killed an ancient lich
 20265 | D        | Noticed a Brimstone Fiend
 20266 | D        | Noticed Antaeus
 20292 | D        | Killed Antaeus
 20299 | D        | Killed a Brimstone Fiend
 20521 | D        | Noticed an orb of fire
 20534 | D        | Killed an orb of fire
 20640 | D        | Noticed a Tzitzimitl
 20642 | D        | Killed a Tzitzimitl
 20654 | D        | Noticed an orb of fire
 20654 | D        | Noticed Mennas
 20655 | D        | Noticed an electric golem
 20657 | D        | Gained mutation: You have hidden genetic defects. [an orb
                  | of fire]
 20658 | D        | Killed an electric golem
 20659 | D        | Reached skill level 15 in Spellcasting
 20664 | D        | Killed an orb of fire
 20665 | D        | Reached skill level 15 in Hexes
 20669 | D        | Killed Mennas
 21150 | D        | Noticed a Tzitzimitl
 21156 | D        | Killed a Tzitzimitl
 21481 | D        | Found the +12 glaive of Prune {vorpal}
 21490 | D        | Got the amulet of the Firefly {Spirit Dex+3}
 21492 | D        | Got the ring of Voipas {Drain Fly rCorr Int+6}
 21494 | D        | Got the ring of Scepticism {Drain rN+ Str+8 Dex+6}
 21496 | D        | Got the amulet of the Exceptional Apple {Reflect rC+ SH+5}
 21535 | D        | Got the amulet of Taice {RegenMP Str+5 Int-4 Slay+2}
 21537 | D        | Got the amulet "Bouqika" {Acrobat *Corrode Str+6 SInv}
 21539 | D        | Got the ring "Onor" {Will+ MP-9 Int+2 Dex+2}
 21542 | D        | Got an iron rune of Zot
 21546 | D        | Got the ring "Xoapun" {*Slow AC+4 Str+6}
 21549 | D        | Got the amulet "Xiesheum" {Acrobat Int+4 Stlth+}
 21678 | D        | Noticed a curse toe
 21681 | D        | Noticed a hellephant
 21692 | D        | Killed a curse toe
 21703 | D        | Killed a hellephant
 21705 | D        | Gained mutation: Your body sometimes deteriorates upon
                  | taking damage. [hidden defects]
 22131 | D        | Noticed Boris
 22131 | D        | Noticed a hellephant
 22131 | D        | Noticed a royal mummy
 22141 | D        | Killed a hellephant
 22149 | D        | Killed Boris
 22154 | D        | Found the +4 staff of Dispater
 22154 | D        | Noticed Dispater
 22162 | D        | Reached XP level 20. HP: 199/216 MP: 39/39
 22204 | D        | Killed a royal mummy
 22236 | D        | HP: 6/216 [Dispater/the +4 staff of Dispater (15)]
 22241 | D        | Killed from afar by Dispater

Illustrated notes

Levels and vault maps discovered:
D:        pitsprint [storerooms_1, entrance_room_1, metal_vault_5, armoury_3,
          mini_pit_1, grid_room_1, main_hall_1, silver_pit, the_coven_1,
          the_vestibule_1, steel_vault_5, golden_pit, hallway_of_sentries,
          crystal_vault_4, iron_vault_2, final_vault]

Skill      XL: |  1  2  3  4  5  6  7  8  9 10 11 12 13 14 15 16 17 18 19 20 |
---------------+-------------------------------------------------------------+-----
Fighting       | 3 4 6 7 8 9 11 12 13 15 18 22 25 27 | 27.0
Long Blades    | 4 5 8 10 11 12 13 14 15 18 22 24 27 | 27.0
Armour         | 2 3 5 7 8 9 10 12 13 15 18 22 25 27 | 27.0
Dodging        | 4 6 7 8 9 10 11 12 14 17 20 23 25 27 | 27.0
Ranged Weapons | 2 6 9 12 14 17 20 23 25 27 | 27.0
Evocations     | 3 10 15 18 21 | 21.5
Spellcasting   | 5 10 13 16 | 16.1
Hexes          | 5 10 13 15 16 | 16.0
Air Magic      | 6 11 14 17 | 17.4
Stealth        | 3 11 16 19 | 19.5
Axes           | 6 16 21 | 21.4
Throwing       | 8 16 20 | 20.2

Action                   |  1- 3 |  4- 6 |  7- 9 | 10-12 | 13-15 | 16-18 | 19-21 || total
-------------------------+-------+-------+-------+-------+-------+-------+-------++-------
Melee: Long sword        |    24 |    21 |     6 |       |       |       |       ||    51
       Headbutt          |     3 |     2 |    11 |    67 |   130 |   152 |    55 ||   420
       Falchion          |    20 |     9 |       |       |       |       |       ||    29
       Punch             |       |     1 |       |     1 |       |       |       ||     2
       Scimitar          |       |       |    26 |   139 |       |       |       ||   165
       Triple sword      |       |       |       |   113 |   449 |   502 |   195 ||  1259
       Great sword       |       |       |       |       |     3 |       |       ||     3
       Heavy crossbow    |       |       |       |       |       |     1 |       ||     1
 Fire: Triple crossbow   |       |     1 |     6 |    66 |    74 |       |       ||   147
       Heavy crossbow    |       |       |       |       |    40 |    24 |     7 ||    71
Throw: Throwing net      |       |       |     2 |       |     1 |       |       ||     3
 Cast: Silence           |       |       |       |       |       |     2 |       ||     2
Invok: Call Merchant     |       |     1 |       |     1 |     5 |     7 |       ||    14
       Potion Petition   |       |       |     1 |     2 |     2 |     2 |     1 ||     8
Evoke: Tin of tremorston |       |       |       |       |       |     3 |     3 ||     6
       Condenser vane    |       |       |       |       |       |       |     1 ||     1
  Use: Potion            |     2 |       |     5 |     7 |     8 |     7 |     2 ||    31
       Scroll            |       |       |     1 |     2 |    17 |     4 |     1 ||    25
 Stab: Held in net/web   |       |       |     2 |       |     1 |       |       ||     3
       Distracted        |       |       |     1 |     2 |     3 |     3 |     1 ||    10
       Invisible         |       |       |       |       |    19 |     3 |       ||    22
Armor: Leather armour    |     9 |       |       |       |       |       |       ||     9
       Chain mail        |    15 |     8 |    21 |    29 |       |       |       ||    73
       Plate armour      |       |       |       |    42 |    21 |       |       ||    63
       Gold dragon scale |       |       |       |       |   153 |   326 |    75 ||   554
Dodge: Dodged            |    27 |     6 |    26 |   131 |   352 |   464 |   118 ||  1124
Block: Other             |       |       |       |       |       |    73 |    27 ||   100
       Reflection        |       |       |       |       |       |     3 |       ||     3

Table legend: (Time is in decaauts) A = Elapsed time spent in this place. B = Non-inter-level travel time spent in this place. C = Inter-level travel time spent in this place. D = Time resting spent in this place. E = Time spent auto-exploring this place. F = Levels seen in this place. G = Mean time per level. A B C D E F G +--------+--------+--------+--------+--------+-----+--------+ Total | 21937 | 21538 | 399 | 14074 | 0 | 1 | 21937.0 | Dungeon | 21937 | 21538 | 399 | 14074 | 0 | 1 | 21937.0 | +--------+--------+--------+--------+--------+-----+--------+

Top non-repeatable levels by time:
       D: 21937 daAuts
